 Dungeon Crawl Stone Soup version 0.26-a0-708-g17f3b190f9 (webtiles) character file.

Game seed: 1271750728341751726

24187 marklar909 the Cleaver (level 13, -7/113 HPs)
             Began as a Hill Orc Monk on Oct 30, 2020.
             Was a Priest of Qazlal.
             Killed from afar by an ice dragon (38 damage)
             ... with a blast of cold
             ... in an ice cave.
             The game lasted 00:37:58 (19455 turns).

marklar909 the Cleaver (Hill Orc Monk)             Turns: 19455, Time: 00:37:59

Health: -7/113     AC: 18    Str: 19    XL:     13   Next: 11%
Magic:  20/20      EV: 10    Int: 10    God:    Qazlal [***...]
Gold:   755        SH: 10    Dex: 13    Spells: 12/12 levels left

rFire    . . .     SeeInvis +   h - +14 obsidian axe {vorpal, +Fly SInv *Curse} (curse)
rCold    . . .     Faith    .   G - +0 buckler
rNeg     . . .     Spirit   .   C - +0 chain mail
rPois    +         Reflect  .   (no helmet)
rElec    .         Harm     .   (no cloak)
rCorr    .         Rampage  .   l - +1 pair of gloves
MR       .....                  (no boots)
Stlth    ..........             k - amulet of regeneration
HPRegen  0.68/turn              J - ring of poison resistance
MPRegen  0.17/turn              L - +4 ring of protection

@: about to teleport, mesmerised
A: no striking features
a: Upheaval, Elemental Force, Renounce Religion, Evoke Flight


You were in an ice cave.
You worshipped Qazlal.
Qazlal was most pleased with you.
You visited 2 branches of the dungeon, and saw 13 of its levels.
You also visited: Ice Cave.

You collected 918 gold pieces.
You spent 163 gold pieces at shops.

Inventory:

Hand Weapons
 h - the cursed +14 obsidian axe (weapon) {vorpal, +Fly SInv *Curse}
   (You took it off a death knight on level 10 of the Dungeon)

   It inflicts extra damage upon your enemies.
   It lets you see invisible.
   It lets you fly.
   It curses itself when equipped.
   It has a curse placed upon it.
 N - the +5 spear of Caeren {freeze, MP+9 Dex+4 Stlth+, unknown}
   (You found it on level 8 of the Dungeon)

   It has been specially enchanted to freeze those struck by it, causing extra
   injury to most foes and up to half again as much damage against particularly
   susceptible opponents.
   It can also slow down cold-blooded creatures.
   It affects your dexterity (+4).
   It affects your magic capacity (+9).
   It makes you more stealthy.
Missiles
 g - 35 poisoned darts (quivered)
Armour
 l - a +1 pair of gloves (worn)
 C - a +0 chain mail (worn)
 G - a +0 buckler (worn)
Jewellery
 d - an uncursed ring of protection from magic
 k - an amulet of regeneration (around neck)
 w - an uncursed ring of ice
 y - the amulet "Ybicenin" {Faith *Contam +Inv rF+++ SInv}
   (You found it on level 6 of the Dungeon)

   [amulet of faith]

   It allows you to gain divine favour quickly.
   It renders you almost immune to fire.
   It lets you see invisible.
   It lets you turn invisible.
   It causes magical contamination when unequipped.
 B - a +6 ring of intelligence
 J - a ring of poison resistance (left hand)
 L - a +4 ring of protection (right hand)
Wands
 a - a wand of flame (26)
 v - a wand of digging (15)
 I - a wand of polymorph (3)
 K - a wand of iceblast (3)
 O - a wand of random effects (13)
Scrolls
 c - 3 scrolls of fear
 e - 2 scrolls of blinking
 i - 5 scrolls of teleportation
 j - 2 scrolls of immolation
 s - a scroll of silence {unknown}
 t - 4 scrolls of amnesia
 A - 6 scrolls of identify
 E - 4 scrolls of remove curse
 H - 2 scrolls of enchant weapon
 P - a scroll of enchant armour
Potions
 b - a potion of resistance {unknown}
 f - 3 potions of curing
 m - 5 potions of mutation
 n - 2 potions of heal wounds
 o - 2 potions of invisibility
 p - 3 potions of magic
 q - 3 potions of lignification
 r - 3 potions of stabbing
 x - 3 potions of brilliance {unknown}
 z - 3 potions of haste {unknown}
 D - 2 potions of might {unknown}
 F - a potion of cancellation {unknown}
 M - 2 potions of flight {unknown}
Miscellaneous
 u - a condenser vane (inert)


   Skills:
 + Level 9.8 Fighting
 + Level 14.6 Axes
 + Level 6.8 Throwing
 + Level 10.7 Armour
 + Level 4.4 Dodging
 - Level 2.3 Stealth
 + Level 6.3 Shields
 * Level 10.2 Invocations
 * Level 3.8 Evocations


You had 12 spell levels left.
You didn't know any spells.
Your spell library contained the following spells:

 Spells                   Type           Power        Failure   Level
 Animate Skeleton         Necr           #.....       96%         1
 Apportation              Tloc           #.....       96%         1
 Corona                   Hex            #......      96%         1
 Freeze                   Ice            #...         96%         1
 Magic Dart               Conj           #...         96%         1
 Sandblast                Erth           #.....       96%         1
 Shock                    Conj/Air       #...         96%         1
 Summon Small Mammal      Summ           #...         96%         1
 Blink                    Tloc           N/A          99%         2
 Call Imp                 Summ           #.......     99%         2
 Passwall                 Tmut/Erth      #.......     99%         2
 Slow                     Hex            #.......     99%         2
 Swiftness                Air            #.......     99%         2
 Conjure Flame            Conj/Fire      #.......     100%        3
 Frozen Ramparts          Ice            #.....       100%        3
 Mephitic Cloud           Conj/Pois/Air  #.......     100%        3
 Ozocubu's Armour         Ice            #.......     100%        3
 Static Discharge         Conj/Air       #.......     100%        3
 Stone Arrow              Conj/Erth      #.....       100%        3
 Airstrike                Air            #.........   100%        4
 Hailstorm                Conj/Ice       #.......     100%        4
 Petrify                  Tmut/Erth      #.......     100%        4
 Summon Ice Beast         Ice/Summ       #.......     100%        4
 Lee's Rapid Deconstruct  Erth           #.........   100%        5
 Lightning Bolt           Conj/Air       #.........   100%        5


Dungeon Overview and Level Annotations

Branches:
Dungeon (11/15)            Temple (0/1) D:6            Lair (2/6) D:9
    Orc (0/2) D:10          IceCv (1/1)
  Swamp: Lair:2-4    Shoals: Lair:2-4     Snake: Lair:2-4    Spider: Lair:2-4

Altars:
Ashenzari
Dithmenos
Elyvilon
Fedhas
Gozag
Kikubaaqudgha
Okawaru
Qazlal
Sif Muna
Trog
Vehumet
Yredelemnul
Zin
The Shining One

Shops:
D:7 **   D:10 *


Message History

You feel much better.
Visions of slaying the ice dragon flood into your mind.
The ice dragon breathes frost at you. The blast of cold hits you!
* * * LOW HITPOINT WARNING * * *
The ice dragon bites you but does no damage.
You block the ice dragon's attack. x2
You slice the ice dragon!!
The ice dragon is moderately wounded.
You hit the ice dragon but do no damage.
Visions of slaying the ice dragon flood into your mind.
The ice dragon bites you but does no damage.
The ice dragon closely misses you.
The ice dragon tramples you but does no damage.
You slash the ice dragon!
The ice dragon is heavily wounded.
You hit the ice dragon. The ice dragon breathes frost at you.
The blast of cold hits you!!!
You die...

##....# ######
### ##..####
##$$$$$
##.###..##
.=$..$$ #....#.##
=$....$ #.##...#
"......
###..#####
#......###.##...#
#...DD#......##
#.@....####
########


You could see 2 ice dragons.

Vanquished Creatures
  A death knight (D:10)
  Fannar (Lair:1)
  A two-headed ogre (D:10)
  3 death yaks
  Sonja (D:11)
  An unseen horror (D:10)
  An orc knight (D:10)
  An ugly thing (D:11)
  2 ice statues (IceCv)
  3 cane toads
  2 gargoyles (D:10)
  A rime drake (IceCv)
  3 komodo dragons (Lair:1)
  A tengu conjurer (D:10)
  4 trolls
  A hornet (D:10)
  2 blink frogs (Lair:1)
  Sigmund (D:2)
  A vampire (D:8)
  2 basilisks
  28 yaks
  3 wraiths
  A soldier ant (D:11)
  An acid dragon (D:11)
  2 water moccasins
  17 ice beasts
  5 orc warriors
  2 phantoms (D:8)
  2 black bears
  A necrophage (D:9)
  An eye of draining (D:8)
  A hornet zombie (D:6)
  6 sky beasts
  6 ogres
  A big kobold (D:10)
  12 bullfrogs
  A wyvern skeleton (D:7)
  2 scorpions
  8 killer bees
  5 wights
  3 lava snakes (D:7)
  6 howler monkeys
  A jelly (D:8)
  A quasit (D:4)
  2 bullfrog zombies
  7 hounds
  6 orc wizards
  2 centaur skeletons
  5 orc priests
  2 iguanas
  Terence (D:1)
  5 worker ants
  3 hell rats (D:9)
  2 hound zombies
  2 hound skeletons
  2 howler monkey skeletons
  12 adders
  3 white imps
  3 ufetubi
  An ooze (D:3)
  2 adder skeletons
  2 worms
  8 dart slugs
  10 leopard geckos
  36 orcs
  6 giant cockroaches
  9 goblins
  10 hobgoblins
  9 jackals
  5 kobolds
  7 quokkas
  5 ball pythons
  17 bats
  A frilled lizard (D:3)
  2 leopard gecko skeletons
  2 leopard gecko zombies
  A quokka skeleton (D:8)
  A quokka zombie (D:6)
  15 rats
  A spectral orc (D:9)
  A bush (Lair:1)
357 creatures vanquished.

Vanquished Creatures (collateral kills)
  A cane toad (Lair:2)
  A komodo dragon (Lair:1)
  3 blink frogs (Lair:1)
  7 yaks (Lair:2)
12 creatures vanquished.

Vanquished Creatures (others)
  2 fungi (Lair:1)
  16 plants
  11 withered plants (D:6)
29 creatures vanquished.

Grand Total: 398 creatures vanquished

Notes
Turn   | Place    | Note
-------+----------+-------------------------------------------
     0 | D:1      | marklar909 the Hill Orc Monk began the quest for the Orb.
     0 | D:1      | Reached XP level 1. HP: 19/19 MP: 1/1
   214 | D:1      | Reached XP level 2. HP: 22/27 MP: 2/2
   528 | D:1      | Reached XP level 3. HP: 17/33 MP: 3/3
   987 | D:1      | Reached skill level 5 in Axes
  1611 | D:2      | Noticed Terence
  1646 | D:1      | Killed Terence
  1646 | D:1      | Reached XP level 4. HP: 34/40 MP: 4/4
  1739 | D:2      | Found a glowing silver altar of Zin.
  1739 | D:2      | Found an opulent altar of Gozag.
  1927 | D:2      | Found a blossoming altar of Fedhas.
  1957 | D:2      | Found a glowing golden altar of the Shining One.
  2150 | D:2      | Noticed Sigmund
  2295 | D:3      | Found a broken altar of Ashenzari.
  2356 | D:3      | Reached skill level 1 in Armour
  2356 | D:3      | Reached XP level 5. HP: 44/46 MP: 5/5
  2824 | D:3      | Reached skill level 6 in Axes
  2846 | D:3      | Found a white marble altar of Elyvilon.
  2972 | D:3      | Reached XP level 6. HP: 22/53 MP: 6/6
  3946 | D:4      | Reached skill level 7 in Axes
  4520 | D:4      | Reached skill level 1 in Throwing
  4631 | D:4      | Reached XP level 7. HP: 7/60 MP: 7/7
  5119 | D:4      | Found a shadowy altar of Dithmenos.
  5562 | D:2      | Killed Sigmund
  5562 | D:2      | Reached skill level 5 in Fighting
  5562 | D:2      | Reached skill level 8 in Axes
  5570 | D:2      | Found a stormy altar of Qazlal.
  5816 | D:2      | Became a worshipper of Qazlal Stormbringer
  5816 | D:2      | Reached * piety under Qazlal
  5816 | D:2      | Reached ** piety under Qazlal
  5906 | D:5      | Entered Level 5 of the Dungeon
  5930 | D:4      | Reached XP level 8. HP: 42/68 MP: 8/8
  6454 | D:5      | Found a bloodstained altar of Trog.
  6716 | D:5      | Found a shimmering blue altar of Sif Muna.
  7112 | D:6      | Found an ancient bone altar of Kikubaaqudgha.
  7163 | D:6      | Reached skill level 9 in Axes
  7449 | D:6      | HP: 3/70 [poisoned by a scorpion]
  7455 | D:5      | HP: 3/70 [poisoned by a scorpion]
  7463 | D:5      | HP: 2/70 [poisoned by a scorpion]
  7848 | D:6      | Found a staircase to the Ecumenical Temple.
  7861 | D:6      | Reached skill level 5 in Armour
  7861 | D:6      | Reached XP level 9. HP: 74/77 MP: 9/9
  7868 | D:6      | Got a bound copper amulet
  7951 | D:6      | Reached *** piety under Qazlal
  8691 | D:7      | Reached skill level 1 in Invocations
  8746 | D:7      | Found Appezow's Assorted Antiques.
  8749 | D:7      | Bought an amethyst potion for 23 gold pieces
  8749 | D:7      | Bought a scroll of identify for 52 gold pieces
  8749 | D:7      | Bought a scroll labeled SURPHO PUNUKK for 26 gold pieces
  8749 | D:7      | Bought a sapphire potion for 23 gold pieces
  8749 | D:7      | Identified the amulet "Ybicenin" {Faith *Contam +Inv rF+++
                  | SInv} (You found it on level 6 of the Dungeon)
  9229 | D:7      | Reached skill level 10 in Axes
  9496 | D:7      | Reached skill level 5 in Throwing
  9626 | D:7      | Found Zoth's Assorted Antiques.
 10024 | D:8      | Found an iron altar of Okawaru.
 10238 | D:8      | Found a radiant altar of Vehumet.
 10248 | D:8      | Reached XP level 10. HP: 29/86 MP: 1/13
 10890 | D:9      | Noticed a death yak
 10898 | D:9      | Noticed a death yak
 10900 | D:9      | Noticed a death yak
 10907 | D:9      | Killed a death yak
 10907 | D:9      | Reached skill level 11 in Axes
 10907 | D:9      | Reached skill level 1 in Shields
 10907 | D:9      | Reached skill level 5 in Invocations
 10907 | D:9      | Reached skill level 1 in Evocations
 11077 | D:9      | Found a staircase to the Lair.
 11251 | D:9      | Found a basalt altar of Yredelemnul.
 11385 | D:10     | Entered Level 10 of the Dungeon
 11620 | D:10     | Found Woaruuwu's General Store.
 11628 | D:10     | Bought a scroll of identify for 26 gold pieces
 11628 | D:10     | Bought a potion of degeneration for 13 gold pieces
 12979 | D:10     | Found a staircase to the Orcish Mines.
 12988 | D:10     | Reached XP level 11. HP: 68/93 MP: 15/15
 13077 | D:10     | Found a runed translucent door.
 13431 | D:11     | Noticed a two-headed ogre
 13501 | D:10     | Found a runed translucent door.
 13960 | D:10     | Noticed an orc knight
 13975 | D:10     | Killed an orc knight
 14094 | D:10     | Killed a two-headed ogre
 14198 | D:11     | Reached skill level 5 in Shields
 14661 | D:11     | Reached skill level 12 in Axes
 14853 | D:11     | Noticed a green ugly thing
 14856 | D:11     | Killed a green ugly thing
 15231 | D:11     | Noticed Sonja
 15235 | D:11     | Killed Sonja
 16154 | D:8      | Got a masterwork spear
 16204 | D:9      | Killed a death yak
 16709 | D:10     | Killed a death yak
 16709 | D:10     | Reached skill level 13 in Axes
 16785 | D:10     | Reached XP level 12. HP: 70/104 MP: 18/18
 16972 | D:10     | Noticed a death knight
 17519 | D:10     | Killed a death knight
 17771 | Lair:1   | Entered Level 1 of the Lair of Beasts
 17827 | Lair:1   | Reached skill level 10 in Armour
 18075 | Lair:1   | Noticed Fannar
 18086 | Lair:1   | Killed Fannar
 18988 | Lair:2   | Reached skill level 14 in Axes
 19179 | Lair:2   | Found a frozen archway.
 19193 | IceCv    | Entered an ice cave
 19198 | IceCv    | Reached skill level 10 in Invocations
 19202 | IceCv    | Reached XP level 13. HP: 111/111 MP: 20/20
 19447 | IceCv    | Noticed an ice dragon
 19447 | IceCv    | Noticed an ice dragon
 19455 | IceCv    | Killed from afar by an ice dragon

Illustrated notes

Levels and vault maps discovered:
D:1:      matt_arrival_grand_opening, layout_basic
D:2:      layout_basic, grunt_temple_overflow_gold_and_silver,
          nicolae_overflow_hidden_temple, lemuel_doored_altar,
          fedhas_ov_isle_minmay, uniq_terence, uniq_sigmund
D:3:      kennysheep_six_static_rooms, layout_basic,
          cheibrodos_ashenzari_chains, overflow_temple_1_default,
          hangedman_feature_mirror, hex_tiny
D:4:      layout_basic, nicolae_dithmenos_shadow_blocks, serial_forest,
          infiniplex_forest_corner_1, infiniplex_forest_zigzag_1,
          infiniplex_forest_clump_diagonal, infiniplex_forest_clump_double,
          infiniplex_forest_lined_room_3
D:5:      layout_loops_ring, old_standard_altar, led_sif_pool,
          minmay_misc_feat_room
D:6:      layout_basic, kiku_gazebo_garden_becter,
          minmay_temple_entry_large_hall, serial_glass, glass_columns_a,
          glass_columns_a, feat_on_display, item_on_display_a, feat_on_display
D:7:      layout_loops_ring, serial_shops, nicolae_shop_crystal,
          minmay_shop_grid_forest, kennysheep_boxes
D:8:      layout_basic, kennysheep_okawaru_gauntlet, basic_altar
D:9:      layout_roguey, yredelemnul_forgotten_temple_becter,
          dpeg_lair_monsters, hangedman_decor_points
D:10:     cheibrodos_histonic, layout_rooms, david_orc_3, serial_shops, shop,
          hex_intersection
D:11:     layout_grid_maze, uniq_sonja
Lair:1:   layout_long_grid, serial_bayou_shore_b, uniq_fannar
Lair:2:   layout_small_grid, gauntlet_entry_generic,
          portal_ice_cave_entry_pillars_1, st_stairs_7, minivault_26,
          worms_lemuel, serial_bayou_shore_b, grunt_megastairs_3,
          uniq_gastronok, uniq_erica
IceCv:    ice_cave_small_dragons

Skill      XL: |  1  2  3  4  5  6  7  8  9 10 11 12 |
---------------+-------------------------------------+-----
Fighting       | 4 5 6 7 9 |  9.8
Axes           | 5 6 7 8 9 10 11 13 14 | 14.6
Stealth        | 2 |  2.3
Armour         | 1 2 3 5 7 9 10 | 10.7
Dodging        | 3 4 |  4.4
Throwing       | 1 3 4 5 6 |  6.8
Invocations    | 4 6 8 10 | 10.2
Shields        | 4 5 6 |  6.3
Evocations     | 1 3 |  3.8

Action                   |  1- 3 |  4- 6 |  7- 9 | 10-12 | 13-15 || total
-------------------------+-------+-------+-------+-------+-------++-------
Melee: Hand axe          |   145 |   229 |   446 |   372 |       ||  1192
       Battleaxe         |       |       |       |   135 |       ||   135
       Broad axe         |       |       |       |    92 |    36 ||   128
Throw: Dart              |       |    20 |   119 |    61 |       ||   200
Invok: Upheaval          |       |       |     5 |    13 |       ||    18
       Elemental Force   |       |       |       |     1 |       ||     1
Evoke: Wand              |       |       |     2 |    22 |       ||    24
       Condenser vane    |       |       |       |     3 |       ||     3
  Use: Scroll            |       |     9 |     8 |    12 |     1 ||    30
       Potion            |       |       |       |     5 |     1 ||     6
 Stab: Sleeping          |     4 |       |       |       |       ||     4
       Distracted        |       |       |       |     1 |       ||     1
Armor: Robe              |    24 |       |       |       |       ||    24
       Scale mail        |    23 |   109 |   125 |       |       ||   257
       Chain mail        |       |       |    91 |   277 |    11 ||   379
       Skin              |       |       |       |    14 |       ||    14
Dodge: Dodged            |    90 |   153 |   229 |   221 |    10 ||   703
Block: Other             |       |       |    55 |    34 |       ||    89
       Buckler           |       |       |       |   186 |    15 ||   201

Table legend: (Time is in decaauts)
 A = Elapsed time spent in this place.
 B = Non-inter-level travel time spent in this place.
 C = Inter-level travel time spent in this place.
 D = Time resting spent in this place.
 E = Time spent auto-exploring this place.
 F = Levels seen in this place.
 G = Mean time per level.
                   A        B        C        D        E       F      G
               +--------+--------+--------+--------+--------+-----+--------+
         Total |  19323 |  17533 |   1790 |   4199 |   9555 |  14 | 1380.2 |
       Dungeon |  17651 |  16006 |   1645 |   3882 |   8668 |  11 | 1604.6 |
          Lair |   1415 |   1270 |    145 |    200 |    824 |   2 |  707.5 |
      Ice Cave |    256 |    256 |      0 |    117 |     63 |   1 |  256.0 |
               +--------+--------+--------+--------+--------+-----+--------+

Top non-repeatable levels by time:
    D:10: 2830 daAuts
     D:9: 2415 daAuts
     D:3: 1977 daAuts
     D:5: 1452 daAuts
    D:11: 1425 daAuts
     D:6: 1375 daAuts
     D:1: 1344 daAuts
     D:2: 1311 daAuts
     D:4: 1296 daAuts
     D:8: 1281 daAuts
  Lair:1: 1097 daAuts
     D:7: 941 daAuts
  Lair:2: 318 daAuts
   IceCv: 256 daAuts
